 Dungeon Crawl Stone Soup version 0.16-a0-259-g9aa467b (console) character file.

150 Kellhus the Ruinous (level 5, -6/35 HPs)
             Began as a Mummy Wizard on Aug 24, 2014.
             Killed from afar by an orc wizard (8 damage)
             ... with a magic dart
             ... on Level 3 of the Dungeon.
             The game lasted 00:05:28 (3645 turns).

Kellhus the Ruinous (Mummy Wizard)                  Turns: 3645, Time: 00:05:28

HP  -6/35        AC  7     Str 10      XL: 5   Next: 10%
MP   2/11        EV 10     Int 18      God:
Gold 121         SH  0     Dex 10      Spells:  1 memorised,  9 levels left

rFire  x . .     SeeInvis .     m - +5 dagger
rCold  + . .     Clarity  .     g - +1 leather armour {rPois}
rNeg   + + +     rCorr    .     (no shield)
rPois  +         rRot     +     n - +0 helmet
rElec  .         Spirit   .     (no cloak)
SustAb .         Warding  .     l - +0 pair of gloves
rMut   .         Stasis   .     d - +0 pair of boots
Gourm  .                        (no amulet)
MR     .....                    (no ring)
                                (no ring)

@: not resistant to hostile enchantments, very unstealthy
A: no food or potions, fire vulnerability, restore body, cold resistance 1,
negative energy resistance 3, poison resistance, torment resistance, unbreathing
a: no special abilities


You were on level 3 of the Dungeon.
You were not hungry.

You visited 1 branch of the dungeon, and saw 3 of its levels.

You collected 121 gold pieces.

Inventory:

Hand weapons
 m - a +5 dagger (weapon)
 r - a +1 long sword of venom
Missiles
 h - 13 poisoned needles
Armour
 a - a +0 robe
 b - a +0 hat
 d - a +0 pair of boots (worn)
 g - a +1 leather armour of poison resistance (worn)
 l - a +0 pair of gloves (worn)
 n - a +0 helmet (worn)
Scrolls
 e - 2 scrolls of teleportation {unknown}
 f - 3 scrolls of identify {unknown}
 i - a scroll of enchant weapon {unknown}
 j - a scroll of recharging {unknown}
 k - a scroll of fear {unknown}
 o - 2 scrolls of fog {unknown}
 p - a scroll of blinking {unknown}
 q - 2 scrolls of random uselessness {unknown}
Books
 c - a book of Minor Magic

   Spells                             Type                      Level
   *Magic Dart                        Conjuration                  1
   Blink                              Translocation                2
   Call Imp                           Summoning                    2
   Repel Missiles                     Charms/Air                   2
   Slow                               Hexes                        2
   Conjure Flame                      Conjuration/Fire             3
   Mephitic Cloud                     Conjuration/Poison/Air       3


   Skills:
 - Level 1.5 Dodging
 - Level 1.5 Stealth
 - Level 3.0 Spellcasting
 + Level 4.1 Conjurations
   Level 0.7 Summonings
   Level 0.7 Translocations


You had 9 spell levels left.
You knew the following spells:

 Your Spells              Type           Power        Failure   Level  Hunger
a - Magic Dart            Conj           ###.         3%          1    N/A

Dungeon Overview and Level Annotations

Branches:
Dungeon (3/15)

Altars:
Xom


Innate Abilities, Weirdness & Mutations

You do not eat or drink.
Your flesh is vulnerable to fire.
Your flesh is cold resistant.
You are immune to negative energy.
Your system is resistant to poisons.
You are immune to unholy pain and torment.
You can survive without breathing.


Message History

The orc wizard casts a spell.
The orc wizard seems to speed up.
The orc wizard gestures at you while chanting.
The magic dart hits you!
* * * LOW HITPOINT WARNING * * *
The orc priest utters an invocation to Beogh.
You feel a wave of unholy energy pass over you.
An orc comes into view.
The orc shouts!
The orc wizard gestures wildly while chanting.
The orc wizard blinks!
An orc comes into view. It is wielding a dagger.
The orc shouts!
You see here an arbalest.
The orc wizard barely misses you. The orc wizard hits you with a dagger.
* * * LOW HITPOINT WARNING * * *
The orc closely misses you. The orc wizard casts a spell at you.
The magic dart hits you!
You die...

#.# #.......# ####.#
#.####.......# #.# #...##.......#
#.# ####.###.....### #.#
#.........%....# #.#
#.##...#.#.....#####.#
#.##...#.#...........#
#.##.....#.....###.###
#.###..#...@...###.#
#.####.......o.oo.......#########
......#######.....########....>.#
#.###.# ##..)## #.....%.#.# #.#
#o.o# #.......#.# ..###.####
#...# ####.......#.. #.......#
#...# #..........### #.##.##o#
#...###'#........# #.##.##.#
#...##!.##.......# #


You could see an orc priest, an orc wizard and 3 orcs.

Vanquished Creatures
  Ijyb (D:2)
  5 adders
  A giant mite (D:2)
  An inept item mimic (D:2)
  3 worms
  5 giant geckos
  An ooze (D:1)
  3 orcs (D:3)
  A giant cockroach (D:1)
  9 goblins
  5 hobgoblins
  6 bats
  A giant newt (D:2)
  11 kobolds
  A quokka (D:3)
  4 rats
58 creatures vanquished.

Notes
Turn   | Place    | Note
--------------------------------------------------------------
     0 | D:1      | Kellhus, the Mummy Wizard, began the quest for the Orb.
     0 | D:1      | Reached XP level 1. HP: 13/13 MP: 4/4
    86 | D:1      | Reached skill level 1 in Conjurations
   454 | D:1      | Reached XP level 2. HP: 14/19 MP: 1/6
  1564 | D:1      | Reached XP level 3. HP: 24/24 MP: 0/7
  2097 | D:2      | Found a shimmering altar of Xom.
  2507 | D:2      | Reached XP level 4. HP: 30/30 MP: 7/9
  2846 | D:2      | Noticed Ijyb
  2864 | D:2      | Killed Ijyb
  3299 | D:3      | Reached skill level 4 in Conjurations
  3325 | D:3      | Reached XP level 5. HP: 35/35 MP: 8/11
  3645 | D:3      | Killed from afar by an orc wizard

Action                   |  1- 3 |  4- 6 || total
-------------------------+-------+-------++-------
Melee: Unarmed           |    41 |       ||    41
       Dagger            |       |    13 ||    13
 Cast: Magic Dart        |   111 |    71 ||   182
